AoeStats
← [NICE_ASS] BigMasi

Nomad

505070595Analyzed
3v3 RM · 24d ago on Sep 7, 2026· 45m 28s· 6 players
Game mode
Random Map
Map size
210×210
Population
200
Speed
Normal
Resources
Standard
Victory
Conquest
Starting age
Dark Age
Ending age
Imperial Age
RankedLock teamsTeams togetherTeam positionsShared explorationLock speedFull tech treeHidden civsTurbo modeCheats
Victory
Defeat
🇨🇭 Dravidians · Switzerland
1260
+14
🇨🇭 Malay · Switzerland
1194
+17
🇨🇭 Saracens · Switzerland
1120
+20
🇬🇧 Goths · United Kingdom
1220
-17
🇬🇷 Inca · Greece
1216
-17
🇬🇷 Mapuche · Greece
1208
-17
hanibalX
4:42 Loom
14:19 Feudal Age
14:52 Double-Bit Axe
15:31 Fishing Lines
18:00 Gold Mining
18:27 Forging
18:24 Scale Barding Armor
20:51 Castle Age
21:17 Bloodlines
21:53 Medium Warships
22:10 Bow Saw
24:57 Horse Collar
26:36 Heavy Plow
28:53 Fletching
31:28 Bodkin Arrow
32:02 Ballistics
31:30 Crossbowman
32:32 Padded Archer Armor
33:44 Gold Shaft Mining
34:54 Wheelbarrow
39:35 Imperial Age
38:00 Masonry
38:21 Thumb Ring
38:20 Murder Holes
38:06 Treadmill Crane
38:47 Guard Tower
42:13 Chemistry
42:21 Two-Man Saw
43:08 Conscription
45:11 Conscription
[NICE_ASS] BigMasi
4:45 Loom
14:41 Feudal Age
16:00 Double-Bit Axe
19:06 Castle Age
18:11 Gold Mining
20:09 Medium Warships
21:07 Bow Saw
21:16 Fletching
21:39 Forging
25:42 Careening
25:44 Clinker Construction
26:41 Wheelbarrow
25:54 Town Watch
27:57 Stone Mining
37:06 Imperial Age
35:45 Scale Mail Armor
36:26 Iron Casting
37:23 Chain Mail Armor
37:24 Squires
37:09 Gambesons
37:10 Arson
38:54 Blast Furnace
38:45 Conscription
41:40 Plate Mail Armor
41:04 Siege Elephant
43:20 Padded Archer Armor
43:28 Scale Barding Armor
44:33 Wootz Steel
44:48 Man-at-Arms
rapidraphi
12:15 Loom
14:58 Feudal Age
22:01 Castle Age
22:12 Double-Bit Axe
23:28 Wheelbarrow
22:40 Town Watch
23:29 Bow Saw
23:34 Horse Collar
25:23 Hand Cart
25:09 Town Patrol
34:28 Imperial Age
36:01 Conscription
38:30 Forging
38:12 Fletching
40:14 Heavy Scorpion
41:17 Heavy Plow
41:46 Ballistics
42:27 Elite Karambit Warrior
43:59 Iron Casting
47:02 Blast Furnace
TheSalamander
15:06 Feudal Age
15:54 Loom
16:05 Double-Bit Axe
17:00 Fletching
18:14 Fishing Lines
22:19 Castle Age
22:03 Gold Mining
23:17 Medium Warships
23:09 Demolition Ship
24:16 Bow Saw
24:35 Crossbowman
25:29 Stone Mining
26:43 Gillnets
26:29 Champi Runner
27:25 Scale Mail Armor
28:41 Forging
28:04 Champi Warrior
30:07 Squires
31:50 Wheelbarrow
31:47 Town Watch
32:59 Iron Casting
37:52 Imperial Age
39:51 Horse Collar
42:29 Blast Furnace
42:05 Chain Mail Armor
43:29 Conscription
44:18 Elite Champi Warrior
TheMamba
5:16 Loom
14:06 Feudal Age
16:25 Fishing Lines
19:55 Castle Age
18:35 Double-Bit Axe
18:32 Horse Collar
19:22 Town Watch
20:47 Heavy Plow
21:04 Bow Saw
23:24 Fletching
24:01 Bodkin Arrow
24:07 Scale Mail Armor
26:26 Squires
26:39 Forging
27:57 Wheelbarrow
27:27 Pikeman
30:50 Chain Mail Armor
35:30 Imperial Age
34:03 Iron Casting
33:52 Gold Mining
35:52 Anarchy
35:34 Halberdier
36:43 Conscription
36:30 Perfusion
36:52 Conscription
38:48 Hand Cart
39:46 Chemistry
42:47 Blast Furnace
41:48 Bracer
TheRattlesnake
10:30 Loom
12:51 Feudal Age
14:04 Double-Bit Axe
15:58 Town Watch
16:32 Fletching
19:18 Castle Age
20:10 Medium Warships
19:56 Bodkin Arrow
20:31 Bow Saw
30:45 Horse Collar
30:58 Gold Mining
30:58 Stone Mining
32:05 Heavy Plow
36:37 Wheelbarrow
36:03 Town Patrol
40:04 Malon
43:37 Imperial Age
41:43 Crossbowman
42:45 Padded Archer Armor
42:34 Champi Runner
44:56 Leather Archer Armor
47:20 Imperial Age
Connection lost

Rejoining the realm…

Still unreachable

The connection could not be restored.

Session expired

The server has moved on; the page needs a fresh start.